 Dungeon Crawl Stone Soup version 0.31-a0-744-gbc345e7fcb (webtiles) character file.

Game seed: 17827072094331853571

193 LeprechaunX the Changeling (level 5, -1/52 HPs)
             Began as an Octopode Shapeshifter on Sept 13, 2023.
             Slain by Grinder (6 damage)
             ... on level 3 of the Dungeon.
             The game lasted 00:01:40 (1488 turns).

LeprechaunX the Changeling (Octopode Shapeshifter)  Turns: 1488, Time: 00:01:41

Health: -1/52      AC: 22    Str: 15    XL:     5   Next: 72%
Magic:  5/5        EV:  2    Int: 13    God:
Gold:   120        SH:  0    Dex: 11    Spells: 4/4 levels left

rFire   . .          .
                       - Unarmed
rCold   . . .        (no shield)
rNeg    . . .        (helmet currently unavailable)
rPois   +            (no amulet)
rElec   .            d - +5 ring of evasion
rCorr   .            (no ring)
SInv    .            (no ring)
Will    .....        (no ring)
Stlth   +            (no ring)
HPRegen 0.28/turn    (no ring)
MPRegen 0.09/turn    (no ring)
                     (no ring)

%: no passive effects
@: tree-form
A: stationary, stasis, torment immunity, boosted hp, almost no armour,
(amphibious), 8 rings, (camouflage 1), (gelatinous body 1), (nimble swimmer 1),
(tentacles)
a: no special abilities


You were on level 3 of the Dungeon.
You were a tree.
You visited 1 branch of the dungeon, and saw 3 of its levels.

You collected 120 gold pieces.

Inventory:

Jewellery
 d - a +5 ring of evasion (left branch)
Talismans
 b - a beast talisman
 c - a flux talisman
Scrolls
 e - 2 scrolls of teleportation {unknown}
 f - a scroll of fog {unknown}
 i - a scroll of enchant armour {unknown}
Potions
 g - a potion of curing {unknown}
 h - a potion of degeneration {unknown}


   Skills:
 + Level 2.4 Fighting
 + Level 3.1 Dodging
 + Level 3.8 Unarmed Combat
 * Level 4.3 Shapeshifting


You had 4 spell levels left.
You didn't know any spells.
Your spell library contained the following spells:

 Spells                   Type           Power      Damage    Failure   Level
 Foxfire                  Conj/Fire      0%         2x1d4     30%         1
 Kiss of Death            Conj/Necr      0%         2d5       30%         1
 Confusing Touch          Hex            0%         N/A       67%         3
 Inner Flame              Hex/Fire       0%         N/A       67%         3
 Dispel Undead            Necr           0%         3d6       97%         4
 Yara's Violent Unravell  Hex/Tmut       0%         3d3       100%        5
 Plasma Beam              Fire/Air       0%         2x1d10    100%        6
 Starburst                Conj/Fire      0%         6d3       100%        6
 Enfeeble                 Hex            0%         N/A       100%        7


Dungeon Overview and Level Annotations

Branches:
Dungeon (3/15)

Altars:

Shops:
D:1 !!

Annotations:
D:3 Grinder


Innate Abilities, Weirdness & Mutations

You are a tree.
Your roots penetrate the ground, keeping you stationary.
You cannot be teleported.
You are immune to unholy pain and torment.
Your maximum health is greatly increased.
You cannot wear most types of armour.
((You are amphibious.))
You can wear up to eight rings at the same time.
((Your skin changes colour to match your surroundings (Stealth+).))
((Your rubbery body absorbs attacks. (AC +1, EV +1)))
((You are camouflaged when in or above water. (Stealth+)))
((You have tentacles for arms and can constrict up to eight enemies at once.))


Message History

No target in view!
No target in view!
No target in view!
No target in view!
No target in view!
No target in view!
No target in view!
No target in view!
No target in view!
No target in view!
You open the door.
Found a stone staircase leading down.
There is an open door here.
You now have 120 gold pieces (gained 11).
Grinder comes into view.
Grinder is nearby!
Grinder is nearby!
Grinder is nearby!
Grinder shouts!
Grinder says, "Tell me all your secrets, or I'll kill you."
You closely miss Grinder. Your grab misses Grinder. Grinder gestures at you.
You suddenly lose the ability to move!
Grinder hits you.
You writhe in agony.
Grinder hits you!
You writhe in agony.
You can move again.
You closely miss Grinder. You grab Grinder. You constrict Grinder.
Grinder hits you!
* * * LOW HITPOINT WARNING * * *
You writhe in agony.
* * * LOW HITPOINT WARNING * * *
Unknown command.
Your transformation has ended.
You turn into a tree.
Your roots penetrate the ground.
You lose your grip on Grinder.
Grinder hits you but does no damage.
You smack Grinder!
Grinder is moderately wounded.
Grinder hits you.
You die...
Grinder says, "Now the real fun starts!"

#. #. #.# #.. .#
#.. .# ###.#..
####.##
#......####.....#
#.#...+5....#
#.#.###♣....# #.#.#
#.....#
#.#.###.....#
#>....#.....#
#######.#.#..######
..........##$#
#######.####...
####'########
#......#


You could see Grinder.

Vanquished Creatures
  Sigmund (D:2)
  An adder (D:2)
  2 worms (D:2)
  4 bats
  An endoplasm (D:2)
  2 giant cockroaches
  3 goblins
  3 hobgoblins
  3 jackals (D:1)
  2 frilled lizards
  2 kobolds (D:2)
  3 rats
27 creatures vanquished.

Notes
Turn   | Place    | Note
-------+----------+-------------------------------------------
     0 | D:1      | LeprechaunX the Octopode Shapeshifter began the quest for
                  | the Orb.
     0 | D:1      | Reached XP level 1. HP: 13/13 MP: 1/1
    36 | D:1      | Found a faded altar of an unknown god.
   112 | D:1      | Found Ogeiqore's Distillery.
   142 | D:1      | Reached XP level 2. HP: 18/18 MP: 2/2
   286 | D:1      | Found Yrich's Distillery.
   588 | D:2      | Noticed Sigmund
   594 | D:2      | Killed Sigmund
   595 | D:2      | Reached skill level 4 in Shapeshifting
   595 | D:2      | Reached XP level 3. HP: 9/25 MP: 3/3
   595 | D:2      | Reached XP level 4. HP: 11/30 MP: 4/4
   595 | D:2      | Reached XP level 5. HP: 13/35 MP: 5/5
  1478 | D:3      | Noticed Grinder
  1483 | D:3      | Paralysed by Grinder for 2 turns
  1488 | D:3      | Slain by Grinder

Illustrated notes

Levels and vault maps discovered:
D:1:      psy_arrival_statuary, layout_loops_ring, serial_shops,
          nicolae_shop_peninsula, nicolae_shop_crystal,
          chequers_ecumenical_altar_island
D:2:      layout_loops_ring, chequers_serial_rivers_large_b, uniq_sigmund
D:3:      layout_basic, uniq_terence, uniq_grinder

Skill      XL: |  1  2  3  4  5 |
---------------+----------------+-----
Fighting       | 2 |  2.4
Shapeshifting  | 4 |  4.3
Dodging        | 3 |  3.1
Unarmed Combat | |  3.8

Action                     |  1- 3 |  4- 6 || total
---------------------------+-------+-------++-------
  Melee: Unarmed           |    17 |    30 ||    47
         Constrict         |     4 |     6 ||    10
         Tentacles         |     2 |     6 ||     8
         Punch             |       |     2 ||     2
    Use: Potion            |       |     1 ||     1
   Stab: Sleeping          |     2 |     7 ||     9
 Armour: Skin              |     3 |     7 ||    10
  Dodge: Dodged            |    13 |    17 ||    30

Table legend: (Time is in decaauts)
 A = Elapsed time spent in this place.
 B = Non-inter-level travel time spent in this place.
 C = Inter-level travel time spent in this place.
 D = Time resting spent in this place.
 E = Time spent auto-exploring this place.
 F = Levels seen in this place.
 G = Mean time per level.
                   A        B        C        D        E       F      G
               +--------+--------+--------+--------+--------+-----+--------+
         Total |   1484 |   1421 |     63 |      0 |   1224 |   3 |  494.7 |
       Dungeon |   1484 |   1421 |     63 |      0 |   1224 |   3 |  494.7 |
               +--------+--------+--------+--------+--------+-----+--------+

Top non-repeatable levels by time:
     D:2: 820 daAuts
     D:1: 541 daAuts
     D:3: 121 daAuts
